 Dungeon Crawl Stone Soup version 0.31.0-4-g52a2dc7128 (webtiles) character file.

Game seed: 2338132969453041008

662 case the Cleaver (level 7, 0/60 HPs)
             Began as a Minotaur Berserker on Jan 21, 2024.
             Was a Believer of Trog.
             Succumbed to a scorpion's poison
             ... on level 5 of the Dungeon.
             The game lasted 00:03:32 (3217 turns).

case the Cleaver (Minotaur Berserker)               Turns: 3217, Time: 00:03:33

Health: 0/60       AC: 13    Str: 23    XL:     7   Next: 30%
Magic:  6/6        EV:  7    Int:  4    God:    Trog [**....]
Gold:   229        SH:  0    Dex: 10    Spells: 6/6 levels left

rFire   . . .        j - +0 battleaxe
rCold   . . .        (shield currently unavailable)
rNeg    . . .        k - +0 plate armour
rPois   .            (helmet restricted)
rElec   .            (no cloak)
rCorr   .            (no gloves)
SInv    .            (no boots)
Will    .....        (no amulet) Stlth
                     (no ring)
HPRegen 0.30/turn    (no ring)
MPRegen 0.10/turn

%: random rage (3%)
@: lethally poisoned (0 -> -6), on berserk cooldown, slowed, very slow
A: horns 2, retaliatory headbutt, talons 1, iridescent scales 1, berserk 1
a: Renounce Religion, Berserk, Trog's Hand


You were on level 5 of the Dungeon.
You worshipped Trog.
Trog was pleased with you.
You visited 1 branch of the dungeon, and saw 5 of its levels.

You collected 229 gold pieces.

Inventory:

Hand Weapons
 d - a +0 dagger of flaming
 g - a +2 dagger of holy wrath
 j - a +0 battleaxe (weapon)
Armour
 k - a +0 plate armour (worn)
Wands
 b - a wand of light (9)
Scrolls
 c - 2 scrolls of blinking {unknown}
 f - a scroll of torment {unknown}
 h - a scroll of summoning {unknown}
 l - a scroll of immolation {unknown}
 n - 2 scrolls of identify {unknown}
 o - a scroll of fog {unknown}
 p - a scroll of vulnerability {unknown}
 q - a scroll of amnesia {unknown}
 r - a scroll of noise {unknown}
Potions
 a - a potion of degeneration {unknown}
 e - a potion of mutation
 i - a potion of berserk rage
 m - a potion of curing {unknown}
 s - a potion of lignification {unknown}


   Skills:
 - Level 4.4 Fighting
 * Level 9.9 Axes
 - Level 2.4 Armour
 - Level 2.1 Dodging


You had 6 spell levels left.
You didn't know any spells.
Your spell library was empty.

Dungeon Overview and Level Annotations

Branches:
Dungeon (5/15)
 Temple: D:4-7

Altars:
Hepliaklqana


Innate Abilities, Weirdness & Mutations

You have a pair of horns on your head.
You reflexively headbutt those who attack you in melee.
You have sharp toenails.
You are partially covered in iridescent scales. (AC +2)
You sometimes lose your temper in combat.


Message History

You hit the jelly.
Your hands burn!
Your headbutt misses the jelly.
The jelly is almost dead.
You closely miss the scorpion.
You feel sick.
The scorpion stings you but does no damage.
The jelly hits you but does no damage.
You slice the jelly!!
You feel the power of Trog in you as your rage grows.
You kill the jelly!
Trog accepts your kill.
You hit the scorpion but do no damage.
You feel sick. The scorpion stings you.
* * * LOW HITPOINT WARNING * * *
You are lethally poisoned!
The scorpion poisons you!
You slice the scorpion!!
You kill the scorpion!
Trog accepts your kill.
* * * LOW HITPOINT WARNING * * *
You feel very sick.
You are too berserk!
* * * LOW HITPOINT WARNING * * *
You feel very sick.
You feel a strong urge to attack something.
* * * LOW HITPOINT WARNING * * *
You feel very sick.
* * * LOW HITPOINT WARNING * * *
You feel very sick.
You feel your anger nearly subside.
You are no longer berserk.
You are exhausted.
You feel yourself slow down.
* * * LOW HITPOINT WARNING * * *
You feel sick.
It was a potion of mutation.
You feel extremely strange.
You feel a little pissed off.
Iridescent scales grow over part of your body.
Your toenails lengthen and sharpen.
* * * LOW HITPOINT WARNING * * *
You feel very sick.
It was a potion of berserk rage.
You're still recovering from your berserk rage.
You die...

...## ...#.# ......# #
....... #########.
......##########.......#.
###...#...@............#..
#..P...................##.#
#.P~~).....................
#..~.~~~♣........#........##
#.~~~~♣~.........#........##
.P~.~≈~~..########..........
..~~~≈~~P...................
..~.~~.~....................
.♣♣~~~~.....................


There were no monsters in sight!

Vanquished Creatures
  A black bear (D:4)
  An ogre (D:5)
  A phantom (D:4)
  3 scorpions
  A jelly (D:5)
  7 gnolls
  6 adders
  3 dart slugs
  2 orcs
  4 ball pythons
  9 endoplasms
  7 giant cockroaches
  6 goblins
  7 hobgoblins
  8 kobolds
  3 quokkas
  4 bats
  2 frilled lizards
  2 rats
77 creatures vanquished.

Notes
Turn   | Place    | Note
-------+----------+-------------------------------------------
     0 | D:1      | case the Minotaur Berserker began the quest for the Orb.
     0 | D:1      | Reached XP level 1. HP: 19/19 MP: 0/0
    32 | D:1      | Reached skill level 4 in Axes
    37 | D:1      | Reached XP level 2. HP: 22/27 MP: 1/1
   610 | D:2      | Reached XP level 3. HP: 26/33 MP: 2/2
   801 | D:2      | Reached skill level 5 in Axes
   895 | D:2      | Reached ** piety under Trog
  1122 | D:2      | Found a faded altar of an unknown god.
  1299 | D:3      | Reached XP level 4. HP: 41/41 MP: 3/3
  1581 | D:3      | Reached skill level 6 in Axes
  1879 | D:4      | Reached XP level 5. HP: 36/47 MP: 4/4
  2115 | D:4      | Noticed a phantom
  2126 | D:4      | Killed a phantom
  2127 | D:4      | Reached skill level 7 in Axes
  2199 | D:4      | Reached skill level 8 in Axes
  2199 | D:4      | Reached XP level 6. HP: 48/53 MP: 5/5
  2590 | D:4      | Found a hazy altar of Hepliaklqana.
  3023 | D:5      | Entered Level 5 of the Dungeon
  3047 | D:5      | Reached skill level 9 in Axes
  3209 | D:5      | Reached XP level 7. HP: 34/60 MP: 6/6
  3216 | D:5      | Gained mutation: You sometimes lose your temper in combat.
                  | [potion of mutation]
  3216 | D:5      | Gained mutation: You are partially covered in iridescent
                  | scales. (AC +2) [potion of mutation]
  3216 | D:5      | Gained mutation: You have sharp toenails. [potion of
                  | mutation]
  3216 | D:5      | HP: 2/60 [poisoned by a scorpion]
  3217 | D:5      | Succumbed to a scorpion's poison

Illustrated notes

Levels and vault maps discovered:
D:1:      minmay_arrival_up_and_down, layout_rooms
D:2:      layout_loops_ring, dilly_ecumenical_altar_fadedgnrine
D:3:      layout_basic, serial_curves, eino_curves_01, eino_curves_02
D:4:      nicolae_cairo_tiling_very_big, layout_layer_cave,
          nzn_hepliaklqana_mist_gate
D:5:      layout_basic, marbit_many_paths, minmay_temple_entry_antechambers,
          serial_bayou, serial_bayou_ford_a, serial_bayou_pond_d,
          serial_bayou_pond_b, serial_bayou_pond_a

Skill      XL: |  1  2  3  4  5  6 |
---------------+-------------------+-----
Axes           | 4 5 6 8 9 |  9.9
Fighting       | 4 |  4.4
Armour         | |  2.4
Dodging        | |  2.1

Action                     |  1- 3 |  4- 6 |  7- 9 || total
---------------------------+-------+-------+-------++-------
  Melee: Hand axe          |    58 |       |       ||    58
         Headbutt          |    13 |    23 |       ||    36
         Battleaxe         |    12 |    98 |     3 ||   113
         Punch             |     1 |       |       ||     1
 Invoke: Berserk           |       |     3 |       ||     3
    Use: Potion            |       |       |     2 ||     2
   Stab: Sleeping          |     1 |       |       ||     1
 Armour: Animal skin       |    11 |       |       ||    11
         Leather armour    |    11 |       |       ||    11
         Plate armour      |    13 |   119 |     3 ||   135
  Dodge: Dodged            |    36 |    36 |       ||    72
